 Dungeon Crawl Stone Soup version 0.25.1-8-g42b30a86e7 (webtiles) character file.

Game seed: 10434598594333125021

502 soundwave89 the Chopper (level 6, -1/57 HPs)
             Began as a Minotaur Berserker on Nov 28, 2020.
             Was a Priest of Trog.
             Slain by an ogre
             ... wielding a +0 giant spiked club
              (13 damage)
             ... on level 4 of the Dungeon on Dec 1, 2020.
             The game lasted 00:17:02 (4552 turns).

soundwave89 the Chopper (Minotaur Berserker)        Turns: 4552, Time: 00:17:02

Health: -1/57      AC:  2    Str: 24    XL:     6   Next: 95%
Magic:  5/5        EV: 12    Int:  4    God:    Trog [***...]
Gold:   95         SH:  0    Dex:  9    Spells: 5/5 levels left

rFire    . . .     SeeInvis .   a - +0 hand axe
rCold    . . .     Gourm    .   (no shield)
rNeg     . . .     Faith    .   b - +0 animal skin
rPois    .         Spirit   .   (helmet restricted)
rElec    .         Reflect  .   (no cloak)
rCorr    .         Harm     .   (no gloves)
MR       .....                  (no boots)
Stlth    ++........             (no amulet)
HPRegen  0.19/turn              (no ring)
MPRegen  0.09/turn              (no ring)

@: berserk cooldown, slowed, very slow
A: retaliatory headbutt, horns 2
a: Berserk, Trog's Hand, Renounce Religion


You were on level 4 of the Dungeon.
You worshipped Trog.
Trog was most pleased with you.
You were near starving.

You visited 1 branch of the dungeon, and saw 4 of its levels.

You collected 95 gold pieces.

Inventory:

Hand Weapons
 a - a +0 hand axe (weapon)
 c - a +0 scythe
 s - a +0 hunting sling
 w - a +0 dagger
Missiles
 t - 133 stones (quivered)
Armour
 b - a +0 animal skin (worn)
 m - a +0 robe
 u - a +0 animal skin
 v - a +1 helmet
Jewellery
 l - a +4 ring of protection {unknown}
Scrolls
 d - 4 scrolls of magic mapping {unknown}
 e - 6 scrolls of identify {unknown}
 f - a scroll of random uselessness {unknown}
 h - 4 scrolls of remove curse {unknown}
 i - 4 scrolls of teleportation {unknown}
 j - 2 scrolls of amnesia {unknown}
 k - a scroll of fear {unknown}
 n - a scroll of enchant weapon {unknown}
 p - a scroll of noise {unknown}
Potions
 g - 3 potions of curing {unknown}
 o - 2 potions of lignification {unknown}
 q - a potion of invisibility {unknown}
 r - 2 potions of brilliance {unknown}
Comestibles
 x - 3 chunks of flesh


   Skills:
 * Level 6.1 Fighting
 * Level 7.0 Axes
 * Level 3.7 Armour
 - Level 2.3 Dodging
 * Level 1.7 Stealth


You had 5 spell levels left.
You didn't know any spells.
Your spell library was empty.

Dungeon Overview and Level Annotations

Branches:
Dungeon (4/15)
 Temple: D:4-7

Altars:
Dithmenos


Innate Abilities, Weirdness & Mutations

You reflexively headbutt those who attack you in melee.
You have a pair of horns on your head.


Message History

a jackal skeleton
There are no objects that can be picked up here. a jackal skeleton You see here a howler monkey corpse.
You butcher the howler monkey corpse.
Things that are here:
3 chunks of flesh; a howler monkey skeleton The jackal skeleton closely misses you.
You furiously retaliate!
You headbutt the jackal skeleton!
You destroy the jackal skeleton!
Trog accepts your kill.
You are near starving!
The ogre closely misses you.
You hit the ogre.
The ogre is moderately wounded.
The ogre hits you with a +0 giant spiked club!
* * * LOW HITPOINT WARNING * * *
An orc comes into view. It is wielding a +0 flail.
The ogre hits you with a +0 giant spiked club!
You die...

#.............
.##..........o# ...
..............# ...#
#...........##....
#....<..#....#....
##...#..#.......#
.................#
...........))..#### .
..........÷...@...#....
#...........%.O..>.....
#.##.##.##.............
........ #.............
...............#.....
...⌠..#.....###.....
......#...... ....
............ #..
....#........ #.


You could see an ogre and an orc (wandering).

Vanquished Creatures
  Sigmund (D:2)
  A howler monkey (D:4)
  3 orc priests
  Jessica (D:2)
  A worker ant (D:2)
  Robin (D:3)
  3 gnolls (D:2)
  2 adders
  An ooze (D:1)
  3 worms
  2 leopard geckos
  5 orcs
  9 bats
  4 giant cockroaches
  8 hobgoblins
  14 jackals
  3 frilled lizards
  16 goblins
  A jackal skeleton (D:4)
  8 kobolds
  A leopard gecko zombie (D:3)
  4 rats
92 creatures vanquished.

Notes
Turn   | Place    | Note
-------+----------+-------------------------------------------
     0 | D:1      | soundwave89 the Minotaur Berserker began the quest for the
                  | Orb.
     0 | D:1      | Reached XP level 1. HP: 19/19 MP: 0/0
   524 | D:1      | Reached XP level 2. HP: 22/27 MP: 1/1
   598 | D:1      | Reached skill level 4 in Axes
  1060 | D:2      | Found a shadowy altar of Dithmenos.
  1250 | D:2      | Reached XP level 3. HP: 33/33 MP: 2/2
  1978 | D:2      | Reached ** piety under Trog
  1978 | D:2      | Reached XP level 4. HP: 35/41 MP: 3/3
  2078 | D:2      | Noticed Jessica
  2097 | D:2      | Killed Jessica
  2097 | D:2      | Reached skill level 5 in Axes
  2426 | D:2      | Noticed Sigmund
  2433 | D:2      | Killed Sigmund
  2433 | D:2      | Reached skill level 5 in Fighting
  2433 | D:2      | Reached skill level 6 in Axes
  2433 | D:2      | Reached skill level 1 in Stealth
  2433 | D:2      | Reached XP level 5. HP: 48/48 MP: 4/4
  2469 | D:2      | Upgraded the game from 0.25.1-4-g9407a263a5 to
                  | 0.25.1-8-g42b30a86e7
  2589 | D:2      | Reached XP level 6. HP: 56/56 MP: 5/5
  3955 | D:3      | Noticed Robin
  3967 | D:3      | Reached *** piety under Trog
  3987 | D:3      | Killed Robin
  4535 | D:4      | Reached skill level 7 in Axes
  4552 | D:4      | Slain by an ogre

Illustrated notes

Levels and vault maps discovered:
D:1:      denvon_arrival_planthouse, layout_basic
D:2:      layout_loops_corners, nicolae_dithmenos_shadow_blocks, uniq_jessica,
          uniq_sigmund
D:3:      layout_loops_cross, uniq_robin
D:4:      layout_cave_pools, minmay_temple_entry_large_hall, serial_shops,
          nicolae_shop_trees, first_ration

Skill      XL: |  1  2  3  4  5  6 |
---------------+-------------------+-----
Fighting       | 4 5 6 |  6.1
Axes           | 4 6 7 |  7.0
Armour         | 3 |  3.7
Stealth        | 1 |  1.7
Dodging        | |  2.3

Action                   |  1- 3 |  4- 6 || total
-------------------------+-------+-------++-------
Melee: Hand axe          |    71 |   140 ||   211
       Headbutt          |    12 |    16 ||    28
 Fire: Hunting sling     |       |     1 ||     1
Invok: Berserk           |       |     3 ||     3
 Stab: Sleeping          |       |     3 ||     3
  Eat: Chunk             |     1 |     5 ||     6
       Ration            |     1 |     1 ||     2
Armor: Animal skin       |     8 |    21 ||    29
Dodge: Dodged            |    44 |    80 ||   124
